cohdb
Replays
Latest Replays
All Replays
Popular Replays
Top Player Replays
Match Explorer
How It Works
Community
CoH3 Stats
Reddit
Sign in to upload your games and track your stats! →
Sign in with Steam
Match 38447439
Unlisted
Match 38447439
Overview
Messages
Build Orders
End
Panzergrenadier Squad
250 Light Carrier
Selects Battlefield Espionage Battlegroup
Selects Sector Subterfuge Beacon
Panzergrenadier Squad
Construct Light Support Kompanie
Combat Half-tracks
Assault Grenadier Squad
Fire Support Elements
Advanced Field Repairs
Panzerjäger Mechanized Group
Selects Plunder
Panzerjäger Squad
Construct Panzerarmee Kommand
Veteran Squad Leaders
Selects Firestorm
Panzer III L Medium Tank
Tungsten Core Ammunition
Panzer III L Medium Tank
Panzerpioneer Squad
Firestorm
Rapid Advance
LEV-Detahaven
Tenshi
-Panzergrenadier-HK416
BuZzzz
0
0
Comments
sign in to comment!
No comments posted yet!